 Dungeon Crawl Stone Soup version 0.32-a0-576-g706899e69d (webtiles) character file.

Game seed: 12696798421757256620

322272 Drazool the Warrior (level 21, -8/274 HPs)
             Began as a Coglin Hunter on Mar 1, 2024.
             Was an Initiate of Gozag.
             Killed from afar by an ancient lich (117 damage)
             ... with a crystal spear
             ... on level 3 of the Vaults.
             The game lasted 02:48:32 (47491 turns).

Drazool the Warrior (Coglin Hunter)                Turns: 47491, Time: 02:48:33

Health: -8/274     AC: 30    Str: 12    XL:     21   Next: 54%
Magic:  21/21      EV:  2    Int: 10    God:    Gozag
Gold:   9024       SH:  0    Dex: 27    Spells: 20/20 levels left

rFire   + . .        a - +2 sling (drain) {Yashnoor}
rCold   + . .        n - +6 hand cannon (freeze) {Malki}
rNeg    . . .        j - melded +3 leather armour
rPois   +            B - melded +2 helmet
rElec   +            O - melded +1 cloak of Starlight {*Dazzle EV+4 Stlth--}
rCorr   +            (gloves currently unavailable)
SInv    .            N - melded +2 pair of boots
Will    ++...        (no amulet)
Stlth   ++++         (no ring)
HPRegen 0.65/turn    (no ring)
MPRegen 0.17/turn    i - neodymium turboscope {rPois Will+ rCorr Clar RMsl}

%: repel missiles, clarity
@: mighty, tree-form, resistant, gold aura, studying Polearms, revved
A: stationary, stasis, torment immunity, boosted hp, off-hand wielding, slow
wielding, warmup strikes, (no jewellery)
}: 2/15 runes: serpentine, barnacled
a: End Transformation, Renounce Religion, Potion Petition, Call Merchant, Bribe
Branch


You were on level 3 of the Vaults.
You worshipped Gozag.
Gozag was greatly pleased with you.
You were a tree.
You visited 8 branches of the dungeon, and saw 37 of its levels.
You also visited: Gauntlet, Ice Cave and Wizlab.

You collected 17529 gold pieces.
You spent 1526 gold pieces at shops.
You paid 6979 gold pieces to Gozag.


Innate Abilities, Weirdness & Mutations

You are a tree.
Your roots penetrate the ground, keeping you stationary.
You cannot be teleported.
You are immune to unholy pain and torment.
Your maximum health is greatly increased.
Your equipment is partially melded.
You can wield a second weapon in your off-hand.
It takes a long time for you to wield or remove held weapons.
Your first few attacks do less damage.
((You cannot equip rings or amulets.))


   Skills:
 - Level 20.0 Fighting
 - Level 18.0 Ranged Weapons
 - Level 7.0 Armour
 - Level 20.0 Dodging
 - Level 6.0 Stealth
 + Level 17.3 Evocations


You had 20 spell levels left.
You didn't know any spells.
Your spell library contained the following spells:

 Spells                   Type           Power      Damage    Failure   Level
 Apportation              Tloc           0%         N/A       36%         1
 Foxfire                  Conj/Fire      0%         2x1d4     36%         1
 Magic Dart               Conj           0%         1d3       36%         1
 Necrotise                Necr           0%         1d4       36%         1
 Sandblast                Erth           0%         2d4       36%         1
 Shock                    Conj/Air       0%         1d3       36%         1
 Sting                    Conj/Alch      0%         1d3       36%         1
 Summon Small Mammal      Summ           0%         N/A       36%         1
 Call Imp                 Summ           0%         N/A       50%         2
 Ensorcelled Hibernation  Hex/Ice        0%         N/A       50%         2
 Jinxbite                 Hex            0%         N/A       50%         2
 Mercury Vapours          Alch/Air       0%         N/A       50%         2
 Searing Ray              Conj           0%         2d4       50%         2
 Sublimation of Blood     Necr           0%         N/A       50%         2
 Dazzling Flash           Conj/Hex       0%         N/A       75%         3
 Frozen Ramparts          Ice            0%         1d1       75%         3
 Gell's Gravitas          Tloc           0%         N/A       75%         3
 Hailstorm                Conj/Ice       0%         3d5       75%         3
 Inner Flame              Hex/Fire       0%         N/A       75%         3
 Mephitic Cloud           Conj/Alch/Air  0%         N/A       75%         3
 Passwall                 Erth           0%         N/A       75%         3
 Stone Arrow              Conj/Erth      0%         3d7       75%         3
 Summon Ice Beast         Ice/Summ       0%         N/A       75%         3
 Swiftness                Air            0%         N/A       75%         3
 Teleport Other           Tloc           0%         N/A       75%         3
 Tukima's Dance           Hex            0%         N/A       75%         3
 Vampiric Draining        Necr           0%         2d6       75%         3
 Volatile Blastmotes      Fire/Tloc      0%         2d10      75%         3
 Airstrike                Air            0%         2d(0-16)  98%         4
 Animate Armour           Summ/Erth      0%         N/A       98%         4
 Brom's Barrelling Bould  Conj/Erth      0%         2d3       98%         4
 Cause Fear               Hex            0%         N/A       98%         4
 Flame Wave               Conj/Fire      0%         2d4       98%         4
 Fulminant Prism          Conj/Alch      0%         3d5       98%         4
 Iskenderun's Mystic Bla  Conj/Tloc      0%         2d3       98%         4
 Leda's Liquefaction      Alch/Erth      0%         N/A       98%         4
 Martyr's Knell           Necr/Summ      0%         N/A       98%         4
 Olgreb's Toxic Radiance  Alch           0%         N/A       98%         4
 Passage of Golubria      Tloc           0%         N/A       98%         4
 Petrify                  Alch/Erth      0%         N/A       98%         4
 Sticky Flame             Fire/Alch      0%         2d4       98%         4
 Alistair's Intoxication  Alch           0%         N/A       100%        5
 Borgnjor's Vile Clutch   Necr/Erth      0%         N/A       100%        5
 Curse of Agony           Necr           0%         N/A       100%        5
 Fireball                 Conj/Fire      0%         3d3       100%        5
 Freezing Cloud           Conj/Ice/Air   0%         6-21      100%        5
 Metabolic Englaciation   Hex/Ice        0%         N/A       100%        5
 Silence                  Hex/Air        0%         N/A       100%        5
 Yara's Violent Unravell  Hex/Alch       0%         3d3       100%        5
 Death Channel            Necr           0%         N/A       100%        6
 Dispersal                Tloc           0%         N/A       100%        6
 Sculpt Simulacrum        Ice/Alch       0%         N/A       100%        6
 Haunt                    Necr/Summ      0%         N/A       100%        7
 Orb of Destruction       Conj           0%         9d5       100%        7
 Summon Hydra             Summ           0%         N/A       100%        7
 Infestation              Necr           0%         N/A       100%        8
 Dragon's Call            Summ           0%         N/A       100%        9
 Animate Dead             Necr           Unusable   N/A       N/A         4

Inventory:

Hand Weapons
 a - a +2 sling of draining (weapon) {Yashnoor}
 n - a +6 hand cannon of freezing (offhand) {Malki}
Missiles
 z - 14 curare-tipped darts {=f}
 Y - 2 throwing nets {=f}
Armour
 d - a +0 pair of gloves
 g - a +1 helmet of intelligence
 j - a +3 leather armour (melded)
 B - a +2 helmet (melded)
 N - a +2 pair of boots (melded)
 O - the +1 cloak of Starlight (melded) {*Dazzle EV+4 Stlth--}
   (You found it in a Gauntlet)

   *Dazzle:   It may blind those who miss an attack against the wearer in melee
   combat.
   EV+4:      It affects your evasion (+4).
   Stlth--:   It makes you much less stealthy.
Magical Staves
 G - a staff of cold {!a}
Gizmo
 i - a neodymium turboscope (installed) {rPois Will+ rCorr Clar RMsl}
   (You invented it yourself on level 5 of the Lair of Beasts)

   [neodymium turboscope]

   rPois:     It protects you from poison.
   Will+:     It increases your willpower.
   Clar:      It protects you from confusion, rage, mesmerisation and fear.
   RMsl:      It protects you from missiles.
   rCorr:     It protects you from acid and corrosion.
Wands
 c - a wand of iceblast (9)
 w - a wand of paralysis (20)
 J - a wand of digging (11)
 K - a wand of flame (34)
 M - a wand of polymorph (21)
 U - a wand of light (14)
 V - a wand of mindburst (22)
Scrolls
 b - a scroll of butterflies
 e - 10 scrolls of vulnerability
 f - a scroll of noise
 k - 4 scrolls of brand weapon
 p - 4 scrolls of enchant armour
 u - 4 scrolls of fog
 x - 7 scrolls of immolation
 y - 16 scrolls of teleportation {@r2}
 E - 4 scrolls of poison
 L - 6 scrolls of amnesia
 Q - 3 scrolls of blinking
 R - 13 scrolls of identify {@r1}
 S - 3 scrolls of revelation
 W - 2 scrolls of fear
 Z - a scroll of silence {!r}
Potions
 h - 6 potions of lignification
 m - 7 potions of brilliance
 o - 4 potions of might
 q - 10 potions of mutation
 r - a potion of haste {@q3}
 s - 13 potions of heal wounds {@q2}
 t - 8 potions of enlightenment
 v - 6 potions of magic
 A - 6 potions of ambrosia
 D - 4 potions of berserk rage {!q}
 F - 4 potions of resistance
 H - 13 potions of curing {@q1}
 I - 2 potions of cancellation
 T - a potion of invisibility
Miscellaneous
 l - a sack of spiders
 C - a phantom mirror
 P - a lightning rod (4/4)

Dungeon Overview and Level Annotations

Branches:
Dungeon (15/15)            Temple (1/1) D:4            Lair (5/5) D:8
 Shoals (4/4) Lair:3        Snake (4/4) Lair:2        Slime (0/5) Lair:5
    Orc (2/2) D:10            Elf (3/3) Orc:2        Vaults (3/5) D:13
  Crypt (0/3) Vaults:2     Depths (0/4) D:15          IceCv (visited)
 WizLab (visited)         Gauntlet (visited)

Altars:
Ashenzari
Cheibriados
Dithmenos
Elyvilon
Fedhas
Gozag
Hepliaklqana
Kikubaaqudgha
Makhleb
Nemelex Xobeh
Okawaru
Qazlal
Ru
Sif Muna
Trog
Uskayaw
Vehumet
Wu Jian
Xom
Yredelemnul
Zin
The Shining One
Beogh
Jiyva

Shops:
D:2 [   D:9 [   D:10 *((*((   Orc:1 *   Orc:2 *[=(   Elf:2 ?   Snake:4 (

Annotations:
D:6 1 runed translucent door, Crazy Yiuf
D:10 3 runed translucent doors
D:15 Roxanne
Elf:2 Asterion ..▓▓...▓▓.▓.▓....▓ .▓▓.....▓▓..▓....▓ .▓▓.)...▓▓..▓....▓ .▓▓.....▓▓..+....▓ ▓.▓▓...▓▓...+....▓ ▓▓.▓▓+▓▓▓...▓....▓ HH.

.▓▓..▓▓▓...▓▓....▓
▓p..
▓.▓▓▓▓....▓▓▓..GH▓
▓▓▓H...
▓▓.......▓▓ ▓..G♣▓
.....▓ ▓+▓▓▓▓▓▓▓
▓..pL▓ ..p.▓
▓..$$▓▓▓....▓
▓...$▓▓.....▓
▓....+...▓
▓....▓..▓▓
▓....▓▓▓▓ ▓....▓
▓....▓


You could see an ancient lich (strong), a vault guard, 2 great orbs of eyes and
a harpy.


Message History

* * * LOW HITPOINT WARNING * * *
The harpy is distracted by your dazzling golden aura.
The vault guard hits you but does no damage.
The great orb of eyes is distracted by your dazzling golden aura.
The great orb of eyes turns its gaze towards you.
Unknown command.
Fire: a) +2 sling (drain) {Yashnoor}
Press: ? - help, Q - select action, (/) - cycle Shift-Dir - straight line, f/p - ancient lich
Aim: an ancient lich (magical condensation, lightly damaged, strong, 78% to hit)
You shoot a sling bullet. The harpy screeches!
The sling bullet hits the ancient lich but does no damage.
The ancient lich is lightly damaged.
You shoot a bolt.
The bolt barely misses the ancient lich.
The bolt hits the harpy!!!
The bolt freezes the harpy.
You kill the harpy!
The harpy is no longer distracted by gold.
The harpy claws you but does no damage. The harpy claws you.
* * * LOW HITPOINT WARNING * * *
The harpy claws you!
* * * LOW HITPOINT WARNING * * *
The harpy claws you.
* * * LOW HITPOINT WARNING * * *
The vault guard hits you but does no damage.
The great orb of eyes bites you but does no damage.
The ancient lich points at you and mumbles some strange words.
The crystal spear hits you!!!!
You die...
Your body crumbles into a pile of gold.

Skill      XL: |  1  2  3  4  5  6  7  8  9 10 11 12 13 14 15 16 17 18 19 20 21 |
---------------+----------------------------------------------------------------+-----
Ranged Weapons | 4 5 6 7 8 10 11 12 14 16 18 | 18.0
Stealth        | 4 6 |  6.0
Dodging        | 4 8 9 11 12 13 16 17 19 20 | 20.0
Fighting       | 4 8 9 11 13 14 17 19 20 | 20.0
Evocations     | 5 9 12 14 15 17 | 17.3
Armour         | 4 7 |  7.0

Action                     |  1- 3 |  4- 6 |  7- 9 | 10-12 | 13-15 | 16-18 | 19-21 || total
---------------------------+-------+-------+-------+-------+-------+-------+-------++-------
   Fire: Sling             |   140 |   220 |   656 |  1496 |  2659 |  1131 |  1266 ||  7568
         Hand cannon       |       |       |       |       |   269 |  1131 |  1266 ||  2666
 Invoke: Potion Petition   |       |       |       |     2 |       |     1 |     2 ||     5
         Call Merchant     |       |       |       |       |     3 |       |     3 ||     6
Ability: Invent Gizmo      |       |       |       |       |     1 |       |       ||     1
  Evoke: Wand              |       |       |       |    10 |    12 |     1 |       ||    23
         Lightning rod     |       |       |       |       |       |     1 |       ||     1
         Sack of spiders   |       |       |       |       |       |     1 |       ||     1
         Phantom mirror    |       |       |       |       |       |     1 |       ||     1
    Use: Scroll            |     1 |       |     7 |     9 |    14 |     9 |     6 ||    46
         Potion            |       |       |     5 |     1 |     3 |     2 |       ||    11
 Armour: Leather armour    |     8 |    27 |    46 |   157 |   280 |   141 |   186 ||   845
         Robe              |     2 |       |       |       |       |       |       ||     2
         Skin              |       |       |     8 |       |       |       |    37 ||    45
  Dodge: Dodged            |    13 |    25 |    35 |   212 |   455 |   319 |   414 ||  1473
         Repelled          |     1 |     1 |     8 |    31 |    19 |    53 |    47 ||   160

Levels and vault maps discovered:
D:1:      shiori_arrival_oz, layout_loops_ring
D:2:      layout_rooms, serial_shops, nicolae_shop_just_a_little_nook,
          basic_altar
D:3:      layout_loops_ring, dreamdust_ecumenical_altar_grove
D:4:      layout_loops_cross, minmay_temple_entry_junction, serial_undead,
          serial_undead_e, serial_undead_e, serial_undead_b, serial_undead_a,
          dk_rats_in_the_wall
D:5:      wander_river, layout_loops_ring, mainiacjoe_overflow_alcove_1,
          grunt_dithmenos_shadows, mainiacjoe_overflow_chevrons, serial_bayou,
          serial_bayou_shore_a, serial_bayou_ford_a, serial_bayou_pond_e,
          serial_bayou_lake_a, uniq_pikel
D:6:      layout_gridville, regret_index_xom_of_box, uniq_crazy_yiuf_cottage
D:7:      layout_basic, overflow_temple_1_default,
          mainiacjoe_overflow_concentric_impassable,
          nicolae_overflow_crystal_walls, mainiacjoe_overflow_cross_hatched,
          mainiacjoe_overflow_tiny_flanked
D:8:      layout_loops_ring, nemelex_diamond_rough_becter, lair_entry_dummy
D:9:      layout_basic, zin_purify, minivault_14, skrybe_limestone_x,
          minmay_shop_chei
D:10:     lemuel_bear_cage, layout_basic, elyvilon_altar_3,
          kennysheep_orc_monster_closet_entryway, uniq_lodul, uniq_urug
D:11:     minmay_cut_squares, layout_grid_maze, lemuel_nasty_fountain
D:12:     layout_roguey, uniq_gastronok, uniq_kirke
D:13:     minmay_the_grid_triangle_9x9_recursive_2
          [minmay_the_grid_triangle_9x9_prize_center,
          minmay_the_grid_triangle_9x9_corruption,
          minmay_the_grid_triangle_9x9_checkered,
          minmay_the_grid_triangle_9x9_minimal], layout_grid_maze,
          grunt_vaults_entry_fortified, portal_ice_cave_entry_pillars_2
D:14:     layout_basic, gauntlet_entry_generic, kiku_gazebo_pond_becter,
          minmay_quadrilaterals
D:15:     hellmonk_depths_entry_around_the_bend, layout_stronghold, st_stairs_7,
          uniq_azrael, uniq_roxanne, uniq_louise
Temple:   hellmonk_temple_micro_hex
Lair:1:   layout_cave_pods, worms_lemuel, grunt_megastairs_5, uniq_erica
Lair:2:   layout_gridlike, guppyfry_snake_entry_island
Lair:3:   layout_cave_pods, elwin_shoals_entry_rocks, lemuel_fruit_fields,
          lemuel_fruit_fields, lemuel_fruit_tree, lemuel_fruit_fields,
          serial_bayou_shore_b
Lair:4:   layout_concentric_octagons, infiniplex_staircase_pool,
          grunt_megastairs_1
Lair:5:   evilmike_catoblepas_cave, layout_loops_ring, slime_entry_1,
          enter_volcano_1, lemuel_fruit_fields, uniq_sonja
Shoals:1: layout_shoals
Shoals:2: layout_shoals, uniq_polyphemus
Shoals:3: layout_shoals, nicolae_shoals_former_cling_halls
Shoals:4: shoals_end_hangedman, layout_shoals, nicolae_shoals_sun_and_surf
Snake:1:  layout_onion
Snake:2:  layout_gridlike, nicolae_snake_gridmaze_big_u
Snake:3:  onia_ninara_swampy_vault, layout_misc_corridors, uniq_aizul
Snake:4:  snake_pit, layout_gridlike, nicolae_shop_firing_range,
          serial_bayou_shore_b, uniq_vashnia, uniq_donald, uniq_agnes
Orc:1:    layout_caves, serial_shops, nicolae_shop_trees, basic_altar,
          hangedman_feature_mirror, guppyfry_library_mini
Orc:2:    grunt_orc_cross, layout_diamond_mine
Elf:1:    eino_elf_arrival_shootout, layout_geoelf_diagonals, evilmike_minifort,
          library_closet, hex_large, uniq_nikola, uniq_zenata
Elf:2:    elven_hall_of_blades_hangedman_original
          [nicolae_blade_entry_pointy_end], layout_onion_city, serial_shops,
          nicolae_shop_trees, st_stairs_3, minmay_elf_annihilation,
          lemuel_upstairs_altar, uniq_asterion
Elf:3:    elf_hall, layout_loops_ring, infiniplex_enter_wizlab_glasses,
          minmay_misc_feat_pillars, nicolae_elf_elemental_lessons
Vaults:1: nicolae_vaults_triangles, v_misc_27, v_misc_25, nicolae_vaults_swerve,
          nicolae_vaults_big_ls, ontoclasm_vaults_fault,
          ontoclasm_vaults_loading_screen, vaults_room_grunt_arrival_ludios,
          v_misc_14, nicolae_vaults_asterisk, layout_vaults_omnigrid
Vaults:2: vaults_room_pools, nicolae_vaults_little_squares_1,
          minmay_crypt_entry_necro_gods, hangedman_vaults_slice,
          nicolae_vaults_house_2, nicolae_vaults_disjoint_gnomons,
          vaults_room_pool, hangedman_vaults_hat, v_misc_26,
          hangedman_vaults_corner, grunt_vaults_diagonal, hangedman_vaults_trim,
          nicolae_vaults_trapezoid_layered, layout_vaults_maze_snakey,
          serial_glass
Vaults:3: gammafunk_ghost_crypt, grunt_vaults_swirl, ontoclasm_vaults_bender,
          nicolae_vaults_heart-shaped_vault, grunt_vaults_trifunnel,
          nicolae_vaults_hallways_thing, hangedman_vaults_cutoff,
          nicolae_vaults_security_offices_5, vaults_room_hallway,
          nicolae_vaults_weapon_check, vaults_mumra_hexcomb,
          vaults_dpeg_diagonal, v_misc_24, ontoclasm_vaults_twist,
          vaults_room_hallway, nicolae_vaults_tangram_1, layout_vaults_big_cross

Notes
Turn   | Place    | Note
-------+----------+-------------------------------------------
     0 | D:1      | Drazool the Coglin Hunter began the quest for the Orb.
     0 | D:1      | Reached XP level 1. HP: 16/16 MP: 1/1
   180 | D:1      | Reached skill level 4 in Ranged Weapons
   180 | D:1      | Reached XP level 2. HP: 22/22 MP: 2/2
   306 | D:1      | Reached XP level 3. HP: 27/27 MP: 3/3
   759 | D:2      | Found Viwkinid's Antique Armour Shop.
   817 | D:2      | Found a shimmering blue altar of Sif Muna.
   891 | D:2      | Reached skill level 5 in Ranged Weapons
   891 | D:2      | Reached XP level 4. HP: 33/33 MP: 4/4
  1182 | D:3      | Reached XP level 5. HP: 38/38 MP: 5/5
  1443 | D:3      | Found a faded altar of an unknown god.
  1804 | D:4      | Reached skill level 6 in Ranged Weapons
  1943 | D:4      | Reached XP level 6. HP: 37/44 MP: 6/6
  2053 | D:4      | Noticed an ice beast
  2071 | D:4      | Killed an ice beast
  2072 | D:4      | Reached skill level 7 in Ranged Weapons
  2130 | D:4      | Reached XP level 7. HP: 46/50 MP: 7/7
  2486 | D:4      | Found a staircase to the Ecumenical Temple.
  2497 | Temple   | Entered the Ecumenical Temple
  2599 | D:5      | Entered Level 5 of the Dungeon
  2687 | D:5      | Found an opulent altar of Gozag.
  2707 | D:5      | Became a worshipper of Gozag Ym Sagoz the Greedy
  2781 | D:5      | Reached skill level 1 in Stealth
  2811 | D:5      | Reached skill level 2 in Stealth
  2864 | D:5      | Found a hide-covered altar of Uskayaw.
  2983 | D:5      | Identified the +6 trident of Sunlight {flame, Dex+3}
  3153 | D:5      | Found a shadowy altar of Dithmenos.
  3245 | D:5      | Reached skill level 3 in Stealth
  3435 | D:6      | Reached skill level 4 in Stealth
  3435 | D:6      | Reached XP level 8. HP: 52/56 MP: 8/8
  3465 | D:6      | Reached skill level 2 in Dodging
  3618 | D:6      | Reached skill level 3 in Fighting
  3711 | D:6      | Reached skill level 3 in Dodging
  3765 | D:6      | Found a runed translucent door.
  3766 | D:6      | Noticed Crazy Yiuf
  4156 | D:6      | Reached skill level 4 in Fighting
  4217 | D:6      | Found a shimmering altar of Xom.
  4221 | D:6      | Reached skill level 4 in Dodging
  4221 | D:6      | Reached skill level 8 in Ranged Weapons
  4226 | D:6      | Reached skill level 3 in Evocations
  4398 | D:6      | Reached skill level 4 in Evocations
  4498 | D:6      | Reached skill level 5 in Evocations
  4498 | D:6      | Reached XP level 9. HP: 55/65 MP: 9/9
  4825 | D:7      | Found a sacrificial altar of Ru.
  4856 | D:7      | Reached skill level 9 in Ranged Weapons
  4869 | D:7      | Found an iron altar of Okawaru.
  4956 | D:7      | Found an ornate altar of the Wu Jian Council.
  5258 | D:7      | Found a broken altar of Ashenzari.
  5282 | D:7      | Found a bloodstained altar of Trog.
  5695 | D:8      | Found a staircase to the Lair.
  5704 | D:8      | Reached skill level 10 in Ranged Weapons
  6066 | D:8      | Reached XP level 10. HP: 71/71 MP: 10/10
  6100 | D:8      | Reached skill level 11 in Ranged Weapons
  6437 | D:8      | Found a sparkling altar of Nemelex Xobeh.
  6711 | D:9      | Found Cheibriados's Comfort Zone.
  6712 | D:9      | Found a snail-covered altar of Cheibriados.
  6833 | D:9      | Reached skill level 5 in Fighting
  7100 | D:9      | Found Zin's Purification Station.
  7144 | D:9      | Found a glowing silver altar of Zin.
  7155 | D:9      | Bought a potion of curing for 90 gold pieces
  7178 | D:9      | Reached skill level 6 in Fighting
  7439 | D:10     | Entered Level 10 of the Dungeon
  7610 | D:10     | Noticed Urug
  7635 | D:10     | Killed Urug
  7636 | D:10     | Reached skill level 7 in Fighting
  7707 | D:10     | Found a staircase to the Orcish Mines.
  7733 | D:10     | Reached skill level 8 in Fighting
  7845 | D:10     | Found a runed translucent gate.
  7846 | D:10     | Found a runed translucent gate.
  7848 | D:10     | Found a runed translucent gate.
  7849 | D:10     | Noticed a death yak
  7850 | D:10     | Noticed a death yak
  7942 | D:10     | Noticed Lodul
  7956 | D:10     | Reached XP level 11. HP: 69/87 MP: 11/11
  7957 | D:10     | Reached skill level 9 in Fighting
  8152 | D:10     | Reached skill level 5 in Dodging
  8178 | D:10     | Killed Lodul
  8227 | D:10     | Reached skill level 6 in Dodging
  8548 | D:10     | Found a white marble altar of Elyvilon.
  8740 | D:11     | Noticed a centaur warrior
  8928 | D:10     | Killed a centaur warrior
  8964 | D:11     | Noticed a two-headed ogre
  8970 | D:10     | Reached skill level 7 in Dodging
  9656 | D:11     | Killed a two-headed ogre
  9657 | D:11     | Reached skill level 8 in Dodging
  9768 | D:11     | Noticed an arcanist
  9924 | D:11     | Noticed a brown ugly thing
 10055 | Lair:1   | Entered Level 1 of the Lair of Beasts
 10143 | Lair:1   | Reached skill level 12 in Ranged Weapons
 10355 | Lair:1   | Noticed Erica
 10363 | Lair:1   | Killed Erica
 10364 | Lair:1   | Reached XP level 12. HP: 71/95 MP: 12/12
 10479 | Lair:1   | Reached skill level 13 in Ranged Weapons
 11175 | Lair:1   | You fall into a shaft and drop 1 floor!
 11337 | Lair:2   | Reached skill level 14 in Ranged Weapons
 11488 | Lair:2   | Identified the +1 chain mail of the Devil {rPois}
 11533 | Lair:2   | Reached skill level 6 in Evocations
 11584 | Lair:2   | Noticed an eight-headed hydra
 11592 | Lair:2   | Killed an eight-headed hydra
 11593 | Lair:2   | Reached skill level 7 in Evocations
 11789 | Lair:2   | Reached skill level 8 in Evocations
 11795 | Lair:2   | Found a staircase to the Snake Pit.
 11892 | Lair:2   | Identified 2 potions of resistance
 12187 | Lair:3   | Reached skill level 9 in Evocations
 12469 | Lair:3   | Reached skill level 9 in Dodging
 12516 | Lair:3   | Reached XP level 13. HP: 101/101 MP: 13/13
 12536 | Lair:3   | Found a staircase to the Shoals.
 12672 | Lair:3   | Reached skill level 10 in Fighting
 13548 | Lair:4   | Reached skill level 11 in Fighting
 13564 | Lair:4   | Reached skill level 1 in Armour
 13579 | Lair:4   | Reached skill level 2 in Armour
 13602 | Lair:4   | Reached skill level 3 in Armour
 13808 | Lair:4   | Reached skill level 4 in Armour
 14528 | Lair:3   | Reached skill level 10 in Dodging
 15868 | Lair:5   | Entered Level 5 of the Lair of Beasts
 15971 | Lair:5   | Reached skill level 11 in Dodging
 16437 | Lair:5   | Reached XP level 14. HP: 77/113 MP: 14/14
 16437 | Lair:5   | Acquired a neodymium turboscope {rPois Will+ rCorr Clar
                  | RMsl}
 16568 | Lair:5   | Noticed Sonja
 16680 | Lair:4   | Reached skill level 12 in Dodging
 16915 | Lair:5   | Killed Sonja
 16940 | Lair:5   | Found a staircase to the Slime Pits.
 16940 | Lair:5   | Found a viscous altar of Jiyva.
 17360 | Lair:5   | Reached skill level 10 in Evocations
 18047 | Lair:5   | Reached skill level 11 in Evocations
 18554 | Orc:1    | Entered Level 1 of the Orcish Mines
 18554 | Orc:1    | Found Miucud's Assorted Antiques.
 18646 | Orc:1    | Bought a potion of heal wounds for 175 gold pieces
 18646 | Orc:1    | Bought a scroll of brand weapon for 332 gold pieces
 18674 | Orc:2    | Entered Level 2 of the Orcish Mines
 18844 | Orc:2    | Found a staircase to the Elven Halls.
 18904 | Orc:1    | Found a roughly hewn altar of Beogh.
 18912 | Orc:1    | Reached skill level 12 in Evocations
 19264 | Orc:1    | Found a bloodstained altar of Trog.
 19492 | Orc:1    | Found a roughly hewn altar of Beogh.
 19694 | Orc:2    | Noticed an orc warlord
 19734 | Orc:1    | Killed an orc warlord
 19901 | Orc:2    | Identified a +2 robe of resistance
 20194 | Orc:2    | Reached skill level 12 in Fighting
 20270 | Orc:2    | Noticed Nergalle
 20725 | Orc:2    | Killed Nergalle
 20767 | Orc:2    | Found a roughly hewn altar of Beogh.
 20787 | Orc:2    | Found Fecliace's Antique Armour Shop.
 20797 | Orc:2    | Found Rusyfoul's General Store.
 20803 | Orc:2    | Found Hed Miy's Jewellery Shop.
 20832 | Orc:2    | Bought a wand of polymorph (6) for 126 gold pieces
 20832 | Orc:2    | Bought a scroll of identify for 30 gold pieces
 20861 | Orc:2    | Reached skill level 13 in Fighting
 21001 | Orc:2    | Reached XP level 15. HP: 124/124 MP: 15/15
 21132 | Orc:2    | Found Vaemye's Antique Weapon Shop.
 21292 | D:10     | Bought the scarf "Omaklibb" {repulsion, ^Contam Harm Dex+3}
                  | for 265 gold pieces
 21309 | D:10     | Bought a +1 hand cannon of freezing for 172 gold pieces
 21456 | D:11     | Reached skill level 14 in Fighting
 21538 | D:11     | Identified the +0 robe of the Cartwright {Will- rCorr
                  | Dex+8}
 21563 | D:11     | Identified the +3 lajatang of Bodily Humours {venom, Fly
                  | Str+2 Int+3 Stlth+}
 22034 | D:12     | Noticed Kirke
 22045 | D:12     | Killed Kirke
 22097 | D:12     | Noticed Gastronok
 22102 | D:12     | Killed Gastronok
 22773 | D:13     | Found a frozen archway.
 22848 | IceCv    | Entered an ice cave
 23396 | IceCv    | Reached skill level 15 in Ranged Weapons
 23475 | IceCv    | Noticed a frost giant
 23488 | IceCv    | Killed a frost giant
 23559 | IceCv    | Identified a +0 robe of resistance
 23560 | IceCv    | Identified a +1 crystal plate armour of cold resistance
 24192 | D:13     | Reached skill level 16 in Ranged Weapons
 24330 | D:13     | Found a gate to the Vaults.
 24675 | D:13     | Reached XP level 16. HP: 131/134 MP: 16/16
 25313 | D:14     | Found a gate leading to a gauntlet.
 25317 | Gauntlet | Entered a Gauntlet
 25317 | Gauntlet | Found a transporter.
 25326 | Gauntlet | Found a transporter.
 25341 | Gauntlet | Found a runed translucent door.
 25344 | Gauntlet | Found a transporter.
 25346 | Gauntlet | Found a transporter.
 25348 | Gauntlet | Found a large runed translucent door.
 25348 | Gauntlet | Found a large runed translucent door.
 25349 | Gauntlet | Found a large runed translucent door.
 25350 | Gauntlet | Found a large runed translucent door.
 25350 | Gauntlet | Found a large runed translucent door.
 25350 | Gauntlet | Found a runed translucent door.
 25351 | Gauntlet | Found a large runed translucent door.
 25352 | Gauntlet | Found a large runed translucent door.
 25353 | Gauntlet | Found a large runed translucent door.
 25353 | Gauntlet | Found a large runed translucent door.
 25354 | Gauntlet | Found a runed translucent gate.
 25363 | Gauntlet | Found a transporter.
 25363 | Gauntlet | Found a runed translucent gate.
 25364 | Gauntlet | Found a runed translucent gate.
 25364 | Gauntlet | Found a runed translucent door.
 25365 | Gauntlet | Found a large runed translucent door.
 25365 | Gauntlet | Found a large runed translucent door.
 25366 | Gauntlet | Found a large runed translucent door.
 25367 | Gauntlet | Found a large runed translucent door.
 25376 | Gauntlet | Found a transporter.
 25389 | Gauntlet | Found a transporter.
 25394 | Gauntlet | Found a transporter.
 25395 | Gauntlet | Found a transporter.
 25398 | Gauntlet | Found a transporter.
 25399 | Gauntlet | Found a transporter.
 25399 | Gauntlet | Found the +1 cloak of Starlight {*Dazzle EV+4 Stlth--}
 25407 | Gauntlet | Found a transporter.
 25466 | Gauntlet | Found a large runed translucent door.
 25467 | Gauntlet | Found a large runed translucent door.
 25469 | Gauntlet | Found a large runed translucent door.
 25659 | Gauntlet | Identified the +10 great sword of Guile {antimagic, rF+
                  | rCorr SInv}
 25674 | Gauntlet | Identified the +1 lajatang of Tyamygocw {spect, Dex+2}
 25688 | Gauntlet | Identified the +0 great sword of Evisceration {flame,
                  | ^Drain rElec rN+ rCorr}
 26056 | D:14     | Reached skill level 17 in Ranged Weapons
 26187 | D:14     | Found an ancient bone altar of Kikubaaqudgha.
 26501 | D:15     | Entered Level 15 of the Dungeon
 26701 | D:15     | Noticed Azrael
 26712 | D:15     | Killed Azrael
 26863 | D:15     | Noticed Roxanne
 27590 | D:15     | Reached skill level 18 in Ranged Weapons
 27908 | D:15     | Noticed Louise
 27917 | D:15     | Killed Louise
 28119 | D:15     | Found a staircase to the Depths.
 28609 | Snake:1  | Entered Level 1 of the Snake Pit
 28624 | Lair:2   | Reached skill level 5 in Armour
 28795 | Snake:1  | Reached skill level 6 in Armour
 28930 | Snake:1  | Reached skill level 7 in Armour
 29389 | Snake:1  | Reached skill level 13 in Dodging
 29389 | Snake:1  | Reached XP level 17. HP: 130/140 MP: 17/17
 29924 | Snake:2  | Reached skill level 15 in Fighting
 31066 | Snake:3  | Reached skill level 16 in Fighting
 31128 | Snake:3  | Identified the serpent talisman of Dishonour {Dex+4}
 31128 | Snake:3  | Noticed Aizul
 31138 | Snake:3  | Killed Aizul
 31475 | Snake:3  | Noticed a tentacled monstrosity
 31498 | Snake:2  | Killed a tentacled monstrosity
 31622 | Snake:3  | Noticed a tentacled monstrosity
 31625 | Snake:3  | Reached skill level 17 in Fighting
 31631 | Snake:3  | Killed a tentacled monstrosity
 31967 | Snake:3  | Reached skill level 13 in Evocations
 32356 | Snake:4  | Entered Level 4 of the Snake Pit
 32561 | Snake:4  | Reached skill level 14 in Evocations
 32847 | Snake:4  | Noticed Donald
 32880 | Snake:4  | Found Fion's Firing Range.
 32949 | Snake:4  | Noticed Agnes
 32967 | Snake:4  | Killed Agnes
 32971 | Snake:4  | Killed Donald
 33003 | Snake:4  | Reached XP level 18. HP: 154/154 MP: 18/18
 33079 | Snake:4  | Reached skill level 15 in Evocations
 33218 | Snake:4  | Reached skill level 5 in Stealth
 33236 | Snake:4  | Reached skill level 6 in Stealth
 33429 | Snake:4  | Noticed Vashnia
 33461 | Snake:4  | Killed Vashnia
 33462 | Snake:4  | Reached skill level 14 in Dodging
 33772 | Snake:4  | Got a serpentine rune of Zot
 34252 | Shoals:1 | Entered Level 1 of the Shoals
 34528 | Shoals:1 | Reached skill level 15 in Dodging
 34890 | Shoals:2 | Noticed Polyphemus
 35064 | Shoals:2 | Killed Polyphemus
 35556 | Shoals:3 | Reached skill level 16 in Dodging
 35556 | Shoals:3 | Reached XP level 19. HP: 161/161 MP: 19/19
 36519 | Shoals:4 | Entered Level 4 of the Shoals
 36813 | Shoals:4 | Reached skill level 17 in Dodging
 37510 | Shoals:4 | Got a barnacled rune of Zot
 38226 | Elf:1    | Entered Level 1 of the Elven Halls
 38259 | Elf:1    | Reached skill level 18 in Fighting
 38597 | Elf:1    | Noticed Zenata
 38612 | Elf:1    | Killed Zenata
 39361 | Elf:2    | Found a runed translucent gate.
 39361 | Elf:2    | Found a runed translucent gate.
 39372 | Elf:2    | Found a runed translucent gate.
 39522 | Elf:2    | Got the Compilation of Conjuration
 39639 | Elf:2    | Reached skill level 19 in Fighting
 39918 | Elf:2    | Found Hutowibos's Magic Scroll Boutique.
 39925 | Elf:2    | Bought a scroll of identify for 24 gold pieces
 39925 | Elf:2    | Bought a scroll of butterflies for 48 gold pieces
 39925 | Elf:2    | Bought a scroll of enchant weapon for 90 gold pieces
 39925 | Elf:2    | Bought a scroll of fear for 48 gold pieces
 39925 | Elf:2    | Bought a scroll of teleportation for 36 gold pieces
 39925 | Elf:2    | Bought a scroll of enchant armour for 90 gold pieces
 40134 | Elf:3    | Entered Level 3 of the Elven Halls
 40232 | Elf:3    | Found a magical portal.
 40239 | WizLab   | Entered Borgnjor's Mausoleum
 40255 | WizLab   | Reached XP level 20. HP: 112/174 MP: 20/20
 41145 | Elf:3    | Reached skill level 20 in Fighting
 41505 | Elf:3    | Identified the +4 lajatang "Ibifylonav" {freeze, Fly}
 41648 | Elf:3    | Identified the staff of the Grave {rPois Dex+3 Alchemy}
 41680 | Elf:3    | Identified the +9 short sword of Tuent {drain, Int+3}
 41695 | Elf:3    | Identified the +3 great sword "Worm" {spect, rN++}
 41720 | Elf:3    | Identified the +3 sling "Ezoxoz" {freeze, rC+}
 41725 | Elf:3    | Identified the +5 glaive "Jagigruo" {freeze, *Noise Int+7}
 41730 | Elf:3    | Identified the ring "Udisatwi" {rC+ Int+3}
 42109 | Elf:3    | Got the Grimoire of Thrice Damned Blessings
 42397 | Vaults:1 | Entered Level 1 of the Vaults
 42626 | Vaults:1 | Reached skill level 18 in Dodging
 44166 | Vaults:2 | Reached skill level 19 in Dodging
 44495 | Vaults:2 | Reached XP level 21. HP: 183/183 MP: 21/21
 45251 | Vaults:2 | Found a staircase to the Crypt.
 45251 | Vaults:2 | Found a basalt altar of Yredelemnul.
 45251 | Vaults:2 | Found an ancient bone altar of Kikubaaqudgha.
 45942 | Elf:2    | Reached skill level 20 in Dodging
 46650 | Elf:2    | Reached skill level 16 in Evocations
 46804 | Elf:2    | Identified the +5 kite shield "Wamuih" {rC+ Str+3 Int+3}
 46804 | Elf:2    | Noticed Asterion
 47471 | Vaults:3 | Reached skill level 17 in Evocations
 47484 | Vaults:3 | Noticed an ancient lich
 47491 | Vaults:3 | Killed from afar by an ancient lich

Vanquished Creatures
  Vashnia (Snake:4)
  Zenata (Elf:1)
  2 tentacled monstrosities
  3 deep elf blademasters
  2 deep elf master archers (Elf:3)
  A sphinx (Vaults:1)
  Polyphemus (Shoals:2)
  Gastronok (D:12)
  Donald (Snake:4)
  Agnes (Snake:4)
  Kirke (D:12)
  A thorn hunter (Snake:3)
  4 nagarajas
  Aizul (Snake:3)
  Louise (D:15)
  4 deep elf sorcerers (Elf:3)
  2 deep elf elementalists (Elf:3)
  A frost giant (IceCv)
  5 vault wardens
  An orc warlord (Orc:1)
  5 ironbound preservers
  3 ironbound thunderhulks
  3 formless jellyfish
  4 deep elf annihilators
  5 deep elf death magi
  4 deep elf demonologists
  A minotaur (Gauntlet)
  5 dire elephants
  Azrael (D:15)
  A fire dragon (D:15)
  5 merfolk impalers
  A jiangshi (WizLab)
  A merfolk javelineer (Shoals:4)
  3 yaktaur captains
  2 deep elf high priests (Elf:3)
  2 entropy weavers
  6 great orbs of eyes
  9 vault guards
  An alligator (Snake:3)
  7 hydras
  A spriggan air mage (Elf:3)
  3 salamander tyrants
  16 centaur warriors
  4 ironbound frosthearts
  2 merfolk avatars
  6 catoblepae
  13 anacondas
  2 boulder beetles
  3 merfolk aquamancers
  2 alligator snapping turtles (Shoals:3)
  22 dancing weapons
  Erica (Lair:1)
  27 death yaks
  6 ogre magi
  A deep troll earth mage (D:15)
  7 two-headed ogres
  A death knight (D:15)
  2 satyrs
  4 tengu warriors
  11 shock serpents
  12 naga sharpshooters
  11 naga warriors
  3 orc high priests (Orc:2)
  Urug (D:10)
  13 deep elf knights
  2 sun demons (Shoals:4)
  Sonja (Lair:5)
  A glowing orange brain (Vaults:1)
  A skeletal warrior (D:11)
  Nergalle (Orc:2)
  9 skysharks
  Lodul (D:10)
  6 swamp dragons (Snake:3)
  2 salamander mystics
  15 deep trolls
  11 mana vipers
  4 lindwurms
  4 arcanists
  11 sea snakes
  16 naga ritualists
  9 deep elf archers
  19 harpies
  5 orc knights
  11 ironbound convokers
  2 obsidian statues (Gauntlet)
  17 deep elf zephyrmancers
  21 deep elf pyromancers
  10 salamanders
  4 thermic dynamos
  4 orc sorcerers (Orc:2)
  13 fauns
  17 manticores
  10 ugly things
  6 cyclopes
  10 elephants
  6 meliai
  8 vault sentinels
  19 naga magi
  An ice statue (IceCv)
  7 merfolk sirens
  A kobold blastminer (Orc:1)
  43 black mambas
  14 water nymphs
  2 guardian serpents
  4 gargoyles (D:13)
  A torpor snail (Lair:3)
  9 cane toads
  3 freezing wraiths
  4 efreet
  6 rime drakes (IceCv)
  7 komodo dragons
  3 tengu conjurers (D:13)
  26 yaktaurs
  A polar bear (shapeshifter) (D:14)
  6 polar bears
  6 trolls
  A hornet (D:8)
  A raiju (shapeshifter) (Elf:1)
  20 merfolk
  6 snapping turtles
  10 wind drakes
  3 blink frogs (Lair:2)
  2 air elementals
  10 slime creatures
  2 vampires
  A spriggan (shapeshifter) (D:11)
  10 water elementals
  3 fire elementals
  3 wraiths
  A culicivora (Vaults:2)
  A human (D:13)
  A fire bat (D:6)
  7 hogs (D:12)
  58 yaks
  5 redbacks
  6 basilisks
  4 steam dragons
  2 wargs (Orc:2)
  8 vampire mosquitoes
  4 acid dragons
  8 swamp worms
  40 nagas
  4 hell hounds (D:15)
  14 water moccasins
  2 swamp drakes (Snake:3)
  An ice beast (D:4)
  2 black bears
  27 orc warriors
  A black bear (shapeshifter) (Elf:1)
  20 ogres
  21 wolves
  3 boggarts (Vaults:2)
  A lemure (D:5)
  7 centaurs
  3 phantoms
  3 kobold brigands
  A brain worm (shapeshifter) (D:15)
  5 gnoll sergeants
  7 bullfrogs
  3 earth elementals
  4 scorpions
  9 wights
  3 killer bees (D:9)
  3 electric eels
  6 howler monkeys
  A bullfrog zombie (D:4)
  2 hounds
  A jelly (D:7)
  25 orc priests
  2 sleepcaps
  2 iguanas
  2 scorpion zombies (D:4)
  39 orc wizards
  A hound zombie (D:4)
  13 gnolls
  8 adders
  2 shadow imps
  A dart slug (D:2)
  2 ribbon worms
  95 orcs
  9 endoplasms
  5 giant cockroaches
  10 goblins
  3 hobgoblins
  18 kobolds
  3 quokkas
  4 ball pythons
  5 bats (D:1)
  2 frilled lizards (D:2)
  2 rats (D:2)
  A butterfly (Lair:3)
1323 creatures vanquished.

Vanquished Creatures (others)
  An air elemental (Elf:3)
  A water elemental (Elf:3)
2 creatures vanquished.

Grand Total: 1325 creatures vanquished

Table legend: (Time is in decaauts)
 A = Elapsed time spent in this place.
 B = Non-inter-level travel time spent in this place.
 C = Inter-level travel time spent in this place.
 D = Time resting spent in this place.
 E = Time spent auto-exploring this place.
 F = Levels seen in this place.
 G = Mean time per level.
                   A        B        C        D        E       F      G
               +--------+--------+--------+--------+--------+-----+--------+
         Total |  47281 |  43450 |   3831 |   5152 |  29113 |  40 | 1182.0 |
       Dungeon |  16830 |  15020 |   1810 |   1227 |  11265 |  15 | 1122.0 |
        Temple |     13 |      0 |     13 |      0 |      0 |   1 |   13.0 |
          Lair |   8287 |   7682 |    605 |   1378 |   4463 |   5 | 1657.4 |
        Shoals |   4023 |   3839 |    184 |      4 |   3066 |   4 | 1005.8 |
     Snake Pit |   5490 |   5185 |    305 |    356 |   3604 |   4 | 1372.5 |
  Orcish Mines |   2748 |   2304 |    444 |    525 |   1004 |   2 | 1374.0 |
   Elven Halls |   5101 |   4852 |    249 |   1127 |   2667 |   3 | 1700.3 |
        Vaults |   3472 |   3253 |    219 |    218 |   2441 |   3 | 1157.3 |
      Ice Cave |    799 |    799 |      0 |    214 |    359 |   1 |  799.0 |
        Wizlab |     21 |     21 |      0 |      0 |      0 |   1 |   21.0 |
      Gauntlet |    494 |    494 |      0 |    100 |    242 |   1 |  494.0 |
               +--------+--------+--------+--------+--------+-----+--------+

Top non-repeatable levels by time:
  Lair:4: 2383 daAuts
   Elf:2: 2090 daAuts
    D:13: 1985 daAuts
   Elf:3: 1978 daAuts
  Lair:5: 1969 daAuts
    D:10: 1883 daAuts
 Snake:4: 1765 daAuts
Vaults:1: 1753 daAuts
  Lair:3: 1751 daAuts
    D:11: 1699 daAuts
    D:15: 1621 daAuts
 Snake:2: 1552 daAuts
Vaults:2: 1508 daAuts
Shoals:4: 1478 daAuts
   Orc:2: 1383 daAuts

Table legend:
 A = Non-vault XP
 B = Vault XP
 C = Vault XP percentage of total XP
 D = Non-vault monster count
 E = Vault monster count
 F = Vault count percentage of total count
                 A         B        C        D         E       F
            +---------+---------+-------+---------+---------+-------
      Total |  290078 |  258719 |  47.1 |     839 |     482 |  36.5
            +---------+---------+-------+---------+---------+-------
        D:1 |      41 |       1 |   2.4 |      16 |       1 |   5.9
        D:2 |      42 |       0 |   0.0 |      16 |       0 |   0.0
        D:3 |     113 |       0 |   0.0 |      19 |       0 |   0.0
        D:4 |     355 |     137 |  27.8 |      12 |       4 |  25.0
        D:5 |     444 |      11 |   2.4 |      11 |       1 |   8.3
        D:6 |    1028 |     283 |  21.6 |      18 |       2 |  10.0
        D:7 |    1331 |       0 |   0.0 |      28 |       0 |   0.0
        D:8 |    2441 |       0 |   0.0 |      37 |       0 |   0.0
        D:9 |    1374 |       0 |   0.0 |      20 |       0 |   0.0
       D:10 |    2313 |    3740 |  61.8 |      26 |      29 |  52.7
       D:11 |    2692 |    5032 |  65.1 |      19 |       9 |  32.1
       D:12 |    2894 |    4279 |  59.7 |       8 |       9 |  52.9
       D:13 |    7470 |   14211 |  65.5 |      15 |      25 |  62.5
       D:14 |    2664 |    1005 |  27.4 |       6 |       2 |  25.0
       D:15 |   10721 |    9812 |  47.8 |      23 |      17 |  42.5
     Lair:1 |    3755 |    2887 |  43.5 |      18 |      13 |  41.9
     Lair:2 |    6527 |     603 |   8.5 |      21 |       4 |  16.0
     Lair:3 |    8955 |       0 |   0.0 |      27 |       0 |   0.0
     Lair:4 |    8697 |    5273 |  37.7 |      24 |      12 |  33.3
     Lair:5 |    7678 |   10040 |  56.7 |      13 |      22 |  62.9
   Shoals:1 |   12974 |       0 |   0.0 |      24 |       0 |   0.0
   Shoals:2 |    8840 |    5612 |  38.8 |      16 |       6 |  27.3
   Shoals:3 |   17699 |       0 |   0.0 |      38 |       0 |   0.0
   Shoals:4 |   10866 |   18982 |  63.6 |      23 |      36 |  61.0
    Snake:1 |   18395 |       0 |   0.0 |      35 |       0 |   0.0
    Snake:2 |   20276 |    1789 |   8.1 |      39 |       1 |   2.5
    Snake:3 |   14651 |   12339 |  45.7 |      32 |      22 |  40.7
    Snake:4 |   27083 |   28562 |  51.3 |      46 |      39 |  45.9
      Orc:1 |    2404 |    2133 |  47.0 |      35 |      15 |  30.0
      Orc:2 |    6433 |    7684 |  54.4 |      50 |      35 |  41.2
      Elf:1 |    9866 |    2940 |  23.0 |      17 |       3 |  15.0
      Elf:2 |   16514 |   25713 |  60.9 |      25 |      34 |  57.6
      Elf:3 |    7949 |   29188 |  78.6 |      12 |      29 |  70.7
   Vaults:1 |   14224 |   26474 |  65.0 |      26 |      38 |  59.4
   Vaults:2 |   17456 |   19802 |  53.1 |      27 |      30 |  52.6
   Vaults:3 |   12913 |    3213 |  19.9 |      17 |       4 |  19.0
      IceCv |       0 |   13768 | 100.0 |       0 |      36 | 100.0
     WizLab |       0 |     906 | 100.0 |       0 |       1 | 100.0
   Gauntlet |       0 |    2300 | 100.0 |       0 |       3 | 100.0
            +---------+---------+-------+---------+---------+-------
